CALGARY vs ARIZONA

Created - February-11-21 at 15:00

Goals
1 2 3 OT1 T
CALGARY 0 2 0 0 2
ARIZONA 0 0 2 1 3
Shots
1 2 3 OT1 T
CALGARY 12 13 6 0 31
ARIZONA 7 15 17 1 40

1st period

No Goal

Penalties :
Justin Faulk (ARI) for Hooking (Minor) at 0:45

2nd period

1. CALGARY , Drake Caggiula 2 (Derick Brassard 4, Jaccob Slavin 9) at 5:07
2. CALGARY , Mitchell Marner 3 (Brock Boeser 10) at 6:11

Penalties :
Blake Coleman (CGY) for Holding (Minor) at 6:26, Joel Kellman (CGY) for Hooking (Minor) at 10:43

3rd period

3. ARIZONA , Henri Jokiharju 1 (Jay Bouwmeester 5, Mikael Backlund 8) at 8:18
4. ARIZONA , Evgeni Malkin 9 (Gabriel Landeskog 8) at 9:54 (PP)

Penalties :
Zach Bogosian (CGY) for Hooking (Minor) at 9:22, Rasmus Dahlin (CGY) for Interference (Minor) at 11:03

Overtime #1

5. ARIZONA , Bryan Little 3 (Jay Bouwmeester 6, Brad Richardson 4) at 0:14

Penalties :
No Penalty

Goalie Stats

Anders Nilsson (CGY), 37 saves from 40 shots - (0.925), OTL, 4-4-2, 60:15 minutes
Alexandar Georgiev (ARI), 29 saves from 31 shots - (0.935), W, 4-1-0, 60:15 minutes

Players Stats for CALGARY

Player Name              G  A  P  +/- PIM S  H  SB GA TA FO     MP     PP MP  PK MP  
------------------------------------------------------------------------------------
Blake Coleman            0  0  0   0  2   0  0  0  0  0  2/2    11:25   0:00   2:59 
Brock Boeser             0  1  1   0  0   1  1  0  0  0  0/0    18:19   0:46   0:00 
Chris Tierney            0  0  0   0  0   1  0  0  0  0  6/11   11:25   1:13   1:45 
Derick Brassard          0  1  1   0  0   0  1  0  0  0  5/12    8:53   0:00   0:00 
Drake Caggiula           1  0  1   0  0   1  2  0  0  0  0/1    10:01   0:00   1:08 
Elias Pettersson         0  0  0   0  0   3  1  0  0  0  8/24   18:44   1:13   0:37 
Jaccob Slavin            0  1  1   0  0   6  0  4  0  0  0/0    25:47   0:46   3:30 
Jake Gardiner            0  0  0   1  0   1  3  1  0  0  0/0    16:13   0:00   0:00 
Jamie Benn               0  0  0   0  0   3  5  0  0  0  17/35  23:03   0:46   4:44 
Joel Kellman             0  0  0   1  2   1  0  0  0  0  0/0     8:37   0:00   0:00 
Markus Nutivaara         0  0  0  -1  0   0  0  0  0  0  0/0    15:42   0:00   1:39 
Matt Nieto               0  0  0   0  0   2  0  0  0  0  0/1     8:27   0:00   0:00 
Mikhail Sergachev        0  0  0   1  0   0  5  0  0  0  0/0    19:58   0:46   2:59 
Mitchell Marner          1  0  1   0  0   3  0  0  0  0  0/0    18:46   1:13   0:00 
Patrik Laine             0  0  0   0  0   2  2  0  0  0  0/4    18:07   1:13   0:00 
Rasmus Dahlin            0  0  0   0  2   3  3  4  0  0  0/0    24:50   1:13   2:07 
Tyler Bertuzzi           0  0  0   0  0   3  0  0  0  0  1/2    19:25   0:46   1:45 
Zach Bogosian            0  0  0   0  2   1  0  1  0  0  0/0    16:30   0:00   2:43 

Players Stats for ARIZONA

Player Name              G  A  P  +/- PIM S  H  SB GA TA FO     MP     PP MP  PK MP  
------------------------------------------------------------------------------------
Adrian Kempe             0  0  0   0  0   3  0  1  0  0  1/1    18:13   2:58   0:00 
Brad Richardson          0  1  1   1  0   0  0  1  0  0  1/1     5:49   0:00   0:13 
Bryan Little             1  0  1   0  0   4  0  0  0  0  0/0    22:22   3:31   0:00 
Conor Sheary             0  0  0   0  0   3  0  0  0  0  0/0    15:15   0:00   0:00 
Evgeni Malkin            1  0  1  -1  0   2  0  0  0  0  21/37  22:07   3:31   0:00 
Gabriel Landeskog        0  1  1  -1  0   6  5  0  0  0  0/0    23:01   3:31   0:54 
Henri Jokiharju          1  0  1   0  0   6  3  0  0  0  0/0    21:16   3:31   1:11 
Jacob Larsson            0  0  0   0  0   2  0  1  0  0  0/0    15:13   0:00   0:54 
Jay Bouwmeester          0  2  2   1  0   2  0  1  0  0  0/0    21:23   3:31   1:03 
Jean-Gabriel Pageau      0  0  0   0  0   1  1  0  0  0  12/16  13:14   0:00   0:54 
Joel Eriksson Ek         0  0  0   0  0   0  0  0  0  0  1/2    13:12   0:00   0:52 
Justin Faulk             0  0  0  -1  2   3  3  0  0  0  0/0    23:36   2:58   0:00 
Mario Ferraro            0  0  0   0  0   1  1  0  0  0  0/0    14:32   0:00   0:13 
Mikael Backlund          0  1  1   0  0   3  2  0  0  0  14/26  19:05   2:58   0:52 
Nicolas Aube-Kubel       0  0  0   0  0   1  1  0  0  0  0/0     5:21   0:00   0:00 
Riley Sheahan            0  0  0   0  0   0  0  0  0  0  3/7     5:34   0:00   0:13 
Thomas Chabot            0  0  0  -1  0   2  3  2  0  0  0/0    24:14   2:58   0:37 
Zack Kassian             0  0  0   0  0   1  2  0  0  0  0/2    15:18   2:58   0:00 

3 Stars

1 - Henri Jokiharju (ARI)
2 - Jay Bouwmeester (ARI)
3 - Drake Caggiula (CGY)

Power Play

CALGARY - 0 on 1 Attempt(s) - 0.00%
ARIZONA - 1 on 4 Attempt(s) - 25.00%

Penalty Kill

CALGARY - 3 on 4 Attempt(s) - 75.00% - Score 0 goal in Penalty Kill
ARIZONA - 1 on 1 Attempt(s) - 100.00% - Score 0 goal in Penalty Kill

Team Stat

CALGARY - Hits : 23 - Faceoff Wins : 39 - Blocked Shots : 10 - Penalty Minutes : 8
ARIZONA - Hits : 21 - Faceoff Wins : 53 - Blocked Shots : 6 - Penalty Minutes : 2

Official

Referees : Beaudry Halkidis and Chris Schlenker
Linesman : Jonny Murray and Brent Colby

Game Notes

No Game Note

Finance

Level 1 -- Attendance: 5580 (93.00%) -- Ticket Income $485,460
Level 2 -- Attendance: 4741 (94.82%) -- Ticket Income $274,978
Level 3 -- Attendance: 1854 (92.70%) -- Ticket Income $64,890
Level 4 -- Attendance: 3577 (89.43%) -- Ticket Income $71,540
Luxury Box -- Attendance: 707 (70.70%) -- Ticket Income $130,795
Game was played at the Gila River Arena.
Total Attendance: 16459 (91.44%)
Total Ticket Income: $1,027,663
Total Income: $1,027,663

CALGARY

5 vs 5 Forward 
   Center                   Left Wing                Right Wing               Time % Phy DF OF 
 1 Elias Pettersson         Tyler Bertuzzi           Patrik Laine             40     1   1  3  
 2 Jamie Benn               Mitchell Marner          Brock Boeser             40     1   1  3  
 3 Chris Tierney            Blake Coleman            Matt Nieto               10     1   2  2  
 4 Derick Brassard          Joel Kellman             Drake Caggiula           10     2   3  0  

5 vs 5 Defense 
   Defense                  Defense                                           Time % Phy DF OF 
 1 Jaccob Slavin            Rasmus Dahlin                                     35     1   1  3  
 2 Jake Gardiner            Mikhail Sergachev                                 30     1   2  2  
 3 Markus Nutivaara         Zach Bogosian                                     25     3   2  0  
 4 Rasmus Dahlin            Jaccob Slavin                                     10     1   2  2  

PowerPlay Forward 
   Center                   Left Wing                Right Wing               Time % Phy DF OF 
 1 Elias Pettersson         Patrik Laine             Mitchell Marner          62     0   1  4  
 2 Jamie Benn               Tyler Bertuzzi           Brock Boeser             38     0   1  4  

PowerPlay Defense
   Defense                  Defense                                           Time % Phy DF OF 
 1 Mikhail Sergachev        Jaccob Slavin                                     64     1   2  2  
 2 Chris Tierney            Rasmus Dahlin                                     36     1   2  2  

Penalty Kill 4 Players Forward 
   Center                   Wing                     Time % Phy DF OF 
 1 Jamie Benn               Blake Coleman            60     1   4  0  
 2 Chris Tierney            Tyler Bertuzzi           40     1   4  0  

Penalty Kill 4 Players Defense
   Defense                  Defense                  Time % Phy DF OF 
 1 Jaccob Slavin            Rasmus Dahlin            60     1   4  0  
 2 Zach Bogosian            Mikhail Sergachev        40     1   4  0  

Penalty Kill - 3 Players Forward 
   Forward                                           Time % Phy DF OF 
 1 Blake Coleman                                     60     1   4  0  
 2 Chris Tierney                                     40     1   4  0  

Penalty Kill - 3 Players Defense
   Defense                  Defense                  Time % Phy DF OF 
 1 Jaccob Slavin            Rasmus Dahlin            60     1   4  0  
 2 Zach Bogosian            Mikhail Sergachev        40     1   4  0  

4 vs 4 Forward 
   Center                   Wing                     Time % Phy DF OF 
 1 Elias Pettersson         Patrik Laine             60     1   1  3  
 2 Jamie Benn               Mitchell Marner          40     1   1  3  

4 vs 4 Defense
   Defense                  Defense                  Time % Phy DF OF 
 1 Jaccob Slavin            Rasmus Dahlin            60     0   1  4  
 2 Tyler Bertuzzi           Mikhail Sergachev        40     0   1  4  

Last Minutes Offensive
   Center                   Left Wing                Right Wing               Defense                  Defense                  
   Jamie Benn               Brock Boeser             Mitchell Marner          Jaccob Slavin            Rasmus Dahlin            

Last Minutes Defensive
   Center                   Left Wing                Right Wing               Defense                  Defense                  
   Jamie Benn               Elias Pettersson         Mitchell Marner          Jaccob Slavin            Rasmus Dahlin            

Goaltenders
Starting : Anders Nilsson           
Backup : Jack Campbell            

Extra Forwards
Normal : Chris Tierney, Blake Coleman, Derick Brassard - PP : Chris Tierney, Blake Coleman - PK : Elias Pettersson
Extra Defensemen
Normal : Jake Gardiner, Jaccob Slavin, Rasmus Dahlin - PP : Jake Gardiner - PK : Markus Nutivaara, Mikhail Sergachev
Penalty Shots
Mitchell Marner, Jamie Benn, Elias Pettersson, Brock Boeser, Patrik Laine

Scratches
CGY Cap Hit (Suspend), Shane Bowers (Healthy)

ARIZONA

5 vs 5 Forward 
   Center                   Left Wing                Right Wing               Time % Phy DF OF 
 1 Evgeni Malkin            Bryan Little             Gabriel Landeskog        40     1   1  3  
 2 Mikael Backlund          Conor Sheary             Adrian Kempe             30     1   2  2  
 3 Jean-Gabriel Pageau      Joel Eriksson Ek         Zack Kassian             25     1   3  1  
 4 Riley Sheahan            Brad Richardson          Nicolas Aube-Kubel       5      1   4  0  

5 vs 5 Defense 
   Defense                  Defense                                           Time % Phy DF OF 
 1 Justin Faulk             Thomas Chabot                                     35     1   2  2  
 2 Jay Bouwmeester          Henri Jokiharju                                   30     1   2  2  
 3 Jacob Larsson            Mario Ferraro                                     25     1   2  2  
 4 Justin Faulk             Thomas Chabot                                     10     1   2  2  

PowerPlay Forward 
   Center                   Left Wing                Right Wing               Time % Phy DF OF 
 1 Evgeni Malkin            Bryan Little             Gabriel Landeskog        60     1   0  4  
 2 Mikael Backlund          Adrian Kempe             Zack Kassian             40     1   1  3  

PowerPlay Defense
   Defense                  Defense                                           Time % Phy DF OF 
 1 Justin Faulk             Thomas Chabot                                     60     1   1  3  
 2 Jay Bouwmeester          Henri Jokiharju                                   40     1   2  2  

Penalty Kill 4 Players Forward 
   Center                   Wing                     Time % Phy DF OF 
 1 Jean-Gabriel Pageau      Gabriel Landeskog        60     1   3  1  
 2 Mikael Backlund          Joel Eriksson Ek         40     1   3  1  

Penalty Kill 4 Players Defense
   Defense                  Defense                  Time % Phy DF OF 
 1 Justin Faulk             Jay Bouwmeester          60     1   4  0  
 2 Jacob Larsson            Henri Jokiharju          40     1   4  0  

Penalty Kill - 3 Players Forward 
   Forward                                           Time % Phy DF OF 
 1 Jean-Gabriel Pageau                               60     1   4  0  
 2 Riley Sheahan                                     40     1   4  0  

Penalty Kill - 3 Players Defense
   Defense                  Defense                  Time % Phy DF OF 
 1 Jay Bouwmeester          Thomas Chabot            60     1   4  0  
 2 Jacob Larsson            Henri Jokiharju          40     1   4  0  

4 vs 4 Forward 
   Center                   Wing                     Time % Phy DF OF 
 1 Evgeni Malkin            Gabriel Landeskog        60     1   1  3  
 2 Mikael Backlund          Conor Sheary             40     1   2  2  

4 vs 4 Defense
   Defense                  Defense                  Time % Phy DF OF 
 1 Justin Faulk             Henri Jokiharju          60     1   2  2  
 2 Jay Bouwmeester          Thomas Chabot            40     1   2  2  

Last Minutes Offensive
   Center                   Left Wing                Right Wing               Defense                  Defense                  
   Evgeni Malkin            Bryan Little             Gabriel Landeskog        Justin Faulk             Thomas Chabot            

Last Minutes Defensive
   Center                   Left Wing                Right Wing               Defense                  Defense                  
   Jean-Gabriel Pageau      Brad Richardson          Gabriel Landeskog        Justin Faulk             Jay Bouwmeester          

Goaltenders
Starting : Alexandar Georgiev       
Backup : Corey Crawford           

Extra Forwards
Normal : Jean-Gabriel Pageau, Riley Sheahan, Joel Eriksson Ek - PP : Jean-Gabriel Pageau, Riley Sheahan - PK : Riley Sheahan
Extra Defensemen
Normal : Henri Jokiharju, Mario Ferraro, Jay Bouwmeester - PP : Henri Jokiharju - PK : Henri Jokiharju, Jacob Larsson
Penalty Shots
Gabriel Landeskog, Evgeni Malkin, Mikael Backlund, Bryan Little, Jean-Gabriel Pageau

Scratches
Nick Shore (Healthy), ARI Cap Hit (Suspend), Oliver Kylington (Healthy)

% Time on Ice - CALGARY

Lines # - Real PCT - Wanted PCT - Time Play
Normal Forward
1 - 33% - 40% - 16:54
2 - 34% - 40% - 17:33
3 - 16% - 10% - 8:27
4 - 17% - 10% - 8:38
Normal Defense
1 - 37% - 35% - 18:59
2 - 31% - 30% - 16:13
3 - 27% - 25% - 13:48
4 - 5% - 10% - 2:32
PP Forward
1 - 61% - 62% - 1:13
2 - 39% - 38% - 0:46
PP Defense
1 - 39% - 64% - 0:46
2 - 61% - 36% - 1:13
PK Forward
1 - 73% - 60% - 4:44
2 - 27% - 40% - 1:45
PK Defense
1 - 54% - 60% - 3:30
2 - 46% - 40% - 2:59
PK3 Forward
1 - 0% - 60%
2 - 0% - 40%
PK3 Defense
1 - 0% - 60%
2 - 0% - 40%
44 Forward
1 - 0% - 60%
2 - 0% - 40%
44 Defense
1 - 0% - 60%
2 - 0% - 40%
Last Minute Offensive  - 0:00
Last Minute Defensive  - 0:00
Total
Forward - 60:00
Defense - 60:00

% Time on Ice - ARIZONA

Lines # - Real PCT - Wanted PCT - Time Play
Normal Forward
1 - 36% - 40% - 18:36
2 - 30% - 30% - 15:15
3 - 24% - 25% - 12:20
4 - 10% - 5% - 5:21
Normal Defense
1 - 33% - 35% - 17:13
2 - 32% - 30% - 16:34
3 - 28% - 25% - 14:19
4 - 7% - 10% - 3:26
PP Forward
1 - 54% - 60% - 3:31
2 - 46% - 40% - 2:58
PP Defense
1 - 46% - 60% - 2:58
2 - 54% - 40% - 3:31
PK Forward
1 - 56% - 60% - 1:07
2 - 44% - 40% - 0:52
PK Defense
1 - 86% - 60% - 1:42
2 - 14% - 40% - 0:17
PK3 Forward
1 - 0% - 60%
2 - 0% - 40%
PK3 Defense
1 - 0% - 60%
2 - 0% - 40%
44 Forward
1 - 0% - 60%
2 - 0% - 40%
44 Defense
1 - 0% - 60%
2 - 0% - 40%
Last Minute Offensive  - 0:00
Last Minute Defensive  - 0:00
Total
Forward - 60:00
Defense - 60:00

Play-by-Play

1st period


0:01 of 1st period - Evgeni Malkin wins face-off versus Elias Pettersson in neutral zone.
0:04 of 1st period - Tyler Bertuzzi is hit by Gabriel Landeskog and loses puck.
0:16 of 1st period - Jaccob Slavin is hit by Thomas Chabot and loses puck.
0:20 of 1st period - Icing by Thomas Chabot.
0:21 of 1st period - Evgeni Malkin wins face-off versus Jamie Benn in ARIZONA zone.
0:40 of 1st period - Mikhail Sergachev is hit by Thomas Chabot.
0:45 of 1st period - Minor Penalty to Justin Faulk for Hooking.
0:46 of 1st period - Elias Pettersson wins face-off versus Jean-Gabriel Pageau in ARIZONA zone.
1:50 of 1st period - Shot by Jaccob Slavin.
1:50 of 1st period - Stopped by Alexandar Georgiev with a rebound.
2:39 of 1st period - Shot by Chris Tierney.
2:39 of 1st period - Shot Blocked by Brad Richardson.
3:18 of 1st period - Shot by Zach Bogosian.
3:18 of 1st period - Stopped by Alexandar Georgiev without a rebound.
3:19 of 1st period - Blake Coleman wins face-off versus Riley Sheahan in ARIZONA zone.
3:19 of 1st period - Mikhail Sergachev is hit by Mario Ferraro and loses puck.
3:26 of 1st period - Shot by Nicolas Aube-Kubel.
3:26 of 1st period - Stopped by Anders Nilsson without a rebound.
3:27 of 1st period - Jean-Gabriel Pageau wins face-off versus Jamie Benn in CALGARY zone.
3:29 of 1st period - Joel Eriksson Ek is hit by Jake Gardiner.
3:46 of 1st period - Shot by Jean-Gabriel Pageau.
3:46 of 1st period - Shot Blocked by Jake Gardiner.
3:51 of 1st period - Joel Eriksson Ek is hit by Mikhail Sergachev and loses puck.
6:25 of 1st period - Chris Tierney is hit by Henri Jokiharju and loses puck.
6:28 of 1st period - Shot by Matt Nieto.
6:28 of 1st period - Stopped by Alexandar Georgiev with a rebound.
6:40 of 1st period - Shot by Chris Tierney.
6:40 of 1st period - Stopped by Alexandar Georgiev without a rebound.
6:41 of 1st period - Derick Brassard wins face-off versus Evgeni Malkin in ARIZONA zone.
6:46 of 1st period - Shot by Drake Caggiula.
6:46 of 1st period - Shot Misses the Net.
6:48 of 1st period - Shot by Joel Kellman.
6:48 of 1st period - Stopped by Alexandar Georgiev without a rebound.
6:49 of 1st period - Evgeni Malkin wins face-off versus Derick Brassard in ARIZONA zone.
6:49 of 1st period - Bryan Little is hit by Derick Brassard and loses puck.
7:16 of 1st period - Shot by Gabriel Landeskog.
7:16 of 1st period - Shot Misses the Net.
7:19 of 1st period - Icing by Joel Kellman.
7:20 of 1st period - Mikael Backlund wins face-off versus Derick Brassard in CALGARY zone.
7:22 of 1st period - Conor Sheary is hit by Rasmus Dahlin and loses puck.
7:29 of 1st period - Shot by Rasmus Dahlin.
7:29 of 1st period - Stopped by Alexandar Georgiev with a rebound.
7:41 of 1st period - Shot by Mikael Backlund.
7:41 of 1st period - Deflect By Conor Sheary.
7:41 of 1st period - Shot Misses the Net.
7:43 of 1st period - Shot by Mikael Backlund.
7:43 of 1st period - Shot Misses the Net.
8:13 of 1st period - Shot by Joel Eriksson Ek.
8:13 of 1st period - Shot Misses the Net.
8:15 of 1st period - Shot by Joel Eriksson Ek.
8:15 of 1st period - Deflect By Jean-Gabriel Pageau.
8:15 of 1st period - Shot Misses the Net.
8:17 of 1st period - Shot by Jacob Larsson.
8:17 of 1st period - Stopped by Anders Nilsson without a rebound.
8:18 of 1st period - Jamie Benn wins face-off versus Evgeni Malkin in CALGARY zone.
8:37 of 1st period - Shot by Gabriel Landeskog.
8:37 of 1st period - Stopped by Anders Nilsson without a rebound.
8:38 of 1st period - Jean-Gabriel Pageau wins face-off versus Matt Nieto in CALGARY zone.
8:41 of 1st period - Shot by Jacob Larsson.
8:41 of 1st period - Stopped by Anders Nilsson with a rebound.
8:44 of 1st period - Icing by Rasmus Dahlin.
8:45 of 1st period - Chris Tierney wins face-off versus Evgeni Malkin in CALGARY zone.
8:45 of 1st period - Chris Tierney is hit by Gabriel Landeskog.
8:55 of 1st period - Shot by Gabriel Landeskog.
8:55 of 1st period - Deflect By Evgeni Malkin.
8:55 of 1st period - Shot Misses the Net.
9:13 of 1st period - Shot by Blake Coleman.
9:13 of 1st period - Shot Misses the Net.
9:15 of 1st period - Shot by Matt Nieto.
9:15 of 1st period - Stopped by Alexandar Georgiev without a rebound.
9:16 of 1st period - Jean-Gabriel Pageau wins face-off versus Elias Pettersson in ARIZONA zone.
9:37 of 1st period - Shot by Patrik Laine.
9:37 of 1st period - Stopped by Alexandar Georgiev without a rebound.
9:38 of 1st period - Jamie Benn wins face-off versus Mikael Backlund in ARIZONA zone.
9:46 of 1st period - Icing by Mario Ferraro.
9:47 of 1st period - Tyler Bertuzzi wins face-off versus Mikael Backlund in ARIZONA zone.
10:16 of 1st period - Shot by Conor Sheary.
10:16 of 1st period - Shot Blocked by Jaccob Slavin.
10:20 of 1st period - Shot by Conor Sheary.
10:20 of 1st period - Stopped by Anders Nilsson without a rebound.
10:21 of 1st period - Evgeni Malkin wins face-off versus Jamie Benn in CALGARY zone.
11:27 of 1st period - Shot by Chris Tierney.
11:27 of 1st period - Shot Misses the Net.
13:08 of 1st period - Shot by Jaccob Slavin.
13:08 of 1st period - Stopped by Alexandar Georgiev without a rebound.
13:09 of 1st period - Jamie Benn wins face-off versus Evgeni Malkin in ARIZONA zone.
14:18 of 1st period - Shot by Derick Brassard.
14:18 of 1st period - Shot Misses the Net.
15:27 of 1st period - Shot by Elias Pettersson.
15:27 of 1st period - Stopped by Alexandar Georgiev without a rebound.
15:28 of 1st period - Jean-Gabriel Pageau wins face-off versus Jamie Benn in ARIZONA zone.
15:28 of 1st period - Jean-Gabriel Pageau is hit by Jamie Benn.
16:45 of 1st period - Icing by Henri Jokiharju.
16:46 of 1st period - Jean-Gabriel Pageau wins face-off versus Elias Pettersson in ARIZONA zone.
17:14 of 1st period - Icing by Gabriel Landeskog.
17:15 of 1st period - Evgeni Malkin wins face-off versus Derick Brassard in ARIZONA zone.
17:26 of 1st period - Icing by Jake Gardiner.
17:27 of 1st period - Mikael Backlund wins face-off versus Drake Caggiula in CALGARY zone.
17:28 of 1st period - Shot by Conor Sheary.
17:28 of 1st period - Shot Misses the Net.
17:41 of 1st period - Shot by Conor Sheary.
17:41 of 1st period - Shot Misses the Net.
17:46 of 1st period - Adrian Kempe is hit by Mikhail Sergachev and loses puck.
17:51 of 1st period - Shot by Adrian Kempe.
17:51 of 1st period - Stopped by Anders Nilsson without a rebound.
17:52 of 1st period - Evgeni Malkin wins face-off versus Elias Pettersson in CALGARY zone.
18:03 of 1st period - Shot by Jaccob Slavin.
18:03 of 1st period - Stopped by Alexandar Georgiev without a rebound.
18:04 of 1st period - Jamie Benn wins face-off versus Riley Sheahan in ARIZONA zone.
18:17 of 1st period - Shot by Jamie Benn.
18:17 of 1st period - Shot Misses the Net.
18:19 of 1st period - Shot by Jamie Benn.
18:19 of 1st period - Stopped by Alexandar Georgiev with a rebound.
18:21 of 1st period - Shot by Zach Bogosian.
18:21 of 1st period - Shot Hit the Post.
18:28 of 1st period - Jamie Benn is hit by Justin Faulk.
18:31 of 1st period - Brock Boeser is hit by Justin Faulk and loses puck.
19:49 of 1st period - Shot by Adrian Kempe.
19:49 of 1st period - Stopped by Anders Nilsson without a rebound.
19:50 of 1st period - Joel Eriksson Ek wins face-off versus Derick Brassard in CALGARY zone.
Goals for this period are 0 for CALGARY vs 0 for ARIZONA.
Shots for this period are 12 for CALGARY vs 7 for ARIZONA.

2nd period


0:01 of 2nd period - Elias Pettersson wins face-off versus Evgeni Malkin in neutral zone.
0:04 of 2nd period - Shot by Elias Pettersson.
0:04 of 2nd period - Shot Misses the Net.
0:06 of 2nd period - Shot by Jaccob Slavin.
0:06 of 2nd period - Stopped by Alexandar Georgiev without a rebound.
0:07 of 2nd period - Evgeni Malkin wins face-off versus Elias Pettersson in ARIZONA zone.
0:34 of 2nd period - Shot by Gabriel Landeskog.
0:34 of 2nd period - Stopped by Anders Nilsson with a rebound.
0:36 of 2nd period - Shot by Justin Faulk.
0:36 of 2nd period - Shot Blocked by Rasmus Dahlin.
0:57 of 2nd period - Icing by Rasmus Dahlin.
0:58 of 2nd period - Mikael Backlund wins face-off versus Patrik Laine in CALGARY zone.
1:26 of 2nd period - Icing by Mikael Backlund.
1:27 of 2nd period - Derick Brassard wins face-off versus Mikael Backlund in ARIZONA zone.
1:59 of 2nd period - Icing by Jay Bouwmeester.
2:00 of 2nd period - Jamie Benn wins face-off versus Mikael Backlund in ARIZONA zone.
2:06 of 2nd period - Icing by Henri Jokiharju.
2:07 of 2nd period - Jamie Benn wins face-off versus Mikael Backlund in ARIZONA zone.
2:10 of 2nd period - Shot by Mitchell Marner.
2:10 of 2nd period - Stopped by Alexandar Georgiev without a rebound.
2:11 of 2nd period - Evgeni Malkin wins face-off versus Elias Pettersson in ARIZONA zone.
2:30 of 2nd period - Shot by Evgeni Malkin.
2:30 of 2nd period - Shot Misses the Net.
2:32 of 2nd period - Shot by Evgeni Malkin.
2:32 of 2nd period - Shot Misses the Net.
3:18 of 2nd period - Shot by Zack Kassian.
3:18 of 2nd period - Shot Misses the Net.
3:20 of 2nd period - Shot by Jean-Gabriel Pageau.
3:20 of 2nd period - Shot Misses the Net.
3:22 of 2nd period - Shot by Jacob Larsson.
3:22 of 2nd period - Shot Misses the Net.
3:47 of 2nd period - Icing by Jamie Benn.
3:48 of 2nd period - Jamie Benn wins face-off versus Mikael Backlund in CALGARY zone.
3:48 of 2nd period - Jamie Benn is hit by Mikael Backlund.
4:17 of 2nd period - Zach Bogosian is hit by Henri Jokiharju and loses puck.
4:24 of 2nd period - Shot by Blake Coleman.
4:24 of 2nd period - Shot Blocked by Jay Bouwmeester.
4:43 of 2nd period - Chris Tierney is hit by Henri Jokiharju and loses puck.
5:07 of 2nd period - Shot by Derick Brassard.
5:07 of 2nd period - Deflect By Drake Caggiula.
5:07 of 2nd period - Goal by Drake Caggiula - CALGARY : 1 - ARIZONA : 0.
5:08 of 2nd period - Evgeni Malkin wins face-off versus Elias Pettersson in neutral zone.
5:08 of 2nd period - Thomas Chabot is hit by Elias Pettersson and loses puck.
5:25 of 2nd period - Shot by Evgeni Malkin.
5:25 of 2nd period - Shot Blocked by Jaccob Slavin.
5:46 of 2nd period - Bryan Little is hit by Rasmus Dahlin and loses puck.
6:11 of 2nd period - Shot by Mitchell Marner.
6:11 of 2nd period - Goal by Mitchell Marner - CALGARY : 2 - ARIZONA : 0.
6:12 of 2nd period - Chris Tierney wins face-off versus Jean-Gabriel Pageau in neutral zone.
6:26 of 2nd period - Minor Penalty to Blake Coleman for Holding.
6:27 of 2nd period - Mikael Backlund wins face-off versus Jamie Benn in CALGARY zone.
6:28 of 2nd period - Shot by Henri Jokiharju.
6:28 of 2nd period - Shot Misses the Net.
6:30 of 2nd period - Shot by Zack Kassian.
6:30 of 2nd period - Shot Blocked by Zach Bogosian.
6:42 of 2nd period - Zach Bogosian is hit by Mikael Backlund and loses puck.
7:11 of 2nd period - Shot by Jaccob Slavin.
7:11 of 2nd period - Stopped by Alexandar Georgiev without a rebound.
7:12 of 2nd period - Evgeni Malkin wins face-off versus Jamie Benn in ARIZONA zone.
7:21 of 2nd period - Shot by Evgeni Malkin.
7:21 of 2nd period - Stopped by Anders Nilsson without a rebound.
7:22 of 2nd period - Mikael Backlund wins face-off versus Jamie Benn in CALGARY zone.
8:17 of 2nd period - Shot by Jay Bouwmeester.
8:17 of 2nd period - Shot Misses the Net.
8:19 of 2nd period - Shot by Henri Jokiharju.
8:19 of 2nd period - Stopped by Anders Nilsson without a rebound.
8:20 of 2nd period - Chris Tierney wins face-off versus Evgeni Malkin in CALGARY zone.
8:59 of 2nd period - Shot by Tyler Bertuzzi.
8:59 of 2nd period - Stopped by Alexandar Georgiev without a rebound.
9:00 of 2nd period - Jean-Gabriel Pageau wins face-off versus Chris Tierney in ARIZONA zone.
9:28 of 2nd period - Zach Bogosian is hit by Zack Kassian and loses puck.
10:11 of 2nd period - Bryan Little is hit by Rasmus Dahlin and loses puck.
10:43 of 2nd period - Minor Penalty to Joel Kellman for Hooking.
10:44 of 2nd period - Mikael Backlund wins face-off versus Jamie Benn in CALGARY zone.
10:45 of 2nd period - Shot by Justin Faulk.
10:45 of 2nd period - Stopped by Anders Nilsson with a rebound.
10:47 of 2nd period - Shot by Justin Faulk.
10:47 of 2nd period - Stopped by Anders Nilsson without a rebound.
10:48 of 2nd period - Jamie Benn wins face-off versus Mikael Backlund in CALGARY zone.
11:16 of 2nd period - Shot by Thomas Chabot.
11:16 of 2nd period - Stopped by Anders Nilsson without a rebound.
11:17 of 2nd period - Jamie Benn wins face-off versus Evgeni Malkin in CALGARY zone.
11:17 of 2nd period - Jamie Benn is hit by Gabriel Landeskog.
11:26 of 2nd period - Evgeni Malkin is hit by Jamie Benn.
11:35 of 2nd period - Evgeni Malkin is hit by Mikhail Sergachev and loses puck.
11:52 of 2nd period - Shot by Jay Bouwmeester.
11:52 of 2nd period - Shot Misses the Net.
11:54 of 2nd period - Shot by Jay Bouwmeester.
11:54 of 2nd period - Stopped by Anders Nilsson without a rebound.
11:55 of 2nd period - Mikael Backlund wins face-off versus Tyler Bertuzzi in CALGARY zone.
11:58 of 2nd period - Shot by Thomas Chabot.
11:58 of 2nd period - Shot Misses the Net.
12:00 of 2nd period - Shot by Justin Faulk.
12:00 of 2nd period - Stopped by Anders Nilsson without a rebound.
12:01 of 2nd period - Chris Tierney wins face-off versus Mikael Backlund in CALGARY zone.
12:24 of 2nd period - Shot by Justin Faulk.
12:24 of 2nd period - Shot Blocked by Rasmus Dahlin.
12:26 of 2nd period - Shot by Mikael Backlund.
12:26 of 2nd period - Stopped by Anders Nilsson without a rebound.
12:27 of 2nd period - Evgeni Malkin wins face-off versus Jamie Benn in CALGARY zone.
12:42 of 2nd period - Shot by Henri Jokiharju.
12:42 of 2nd period - Stopped by Anders Nilsson without a rebound.
12:43 of 2nd period - Riley Sheahan wins face-off versus Elias Pettersson in CALGARY zone.
13:04 of 2nd period - Shot by Riley Sheahan.
13:04 of 2nd period - Shot Misses the Net.
13:07 of 2nd period - Icing by Jaccob Slavin.
13:08 of 2nd period - Evgeni Malkin wins face-off versus Elias Pettersson in CALGARY zone.
13:45 of 2nd period - Icing by Jamie Benn.
13:46 of 2nd period - Jamie Benn wins face-off versus Mikael Backlund in CALGARY zone.
13:53 of 2nd period - Conor Sheary is hit by Jamie Benn and loses puck.
14:04 of 2nd period - Shot by Mitchell Marner.
14:04 of 2nd period - Shot Misses the Net.
14:06 of 2nd period - Shot by Mitchell Marner.
14:06 of 2nd period - Shot Blocked by Jacob Larsson.
14:08 of 2nd period - Shot by Jake Gardiner.
14:08 of 2nd period - Stopped by Alexandar Georgiev without a rebound.
14:09 of 2nd period - Derick Brassard wins face-off versus Jean-Gabriel Pageau in ARIZONA zone.
14:55 of 2nd period - Icing by Joel Kellman.
14:56 of 2nd period - Evgeni Malkin wins face-off versus Derick Brassard in CALGARY zone.
15:15 of 2nd period - Shot by Thomas Chabot.
15:15 of 2nd period - Stopped by Anders Nilsson with a rebound.
15:17 of 2nd period - Shot by Gabriel Landeskog.
15:17 of 2nd period - Stopped by Anders Nilsson without a rebound.
15:18 of 2nd period - Jamie Benn wins face-off versus Mikael Backlund in CALGARY zone.
15:27 of 2nd period - Shot by Brock Boeser.
15:27 of 2nd period - Shot Blocked by Adrian Kempe.
15:32 of 2nd period - Icing by Mario Ferraro.
15:33 of 2nd period - Elias Pettersson wins face-off versus Mikael Backlund in ARIZONA zone.
16:07 of 2nd period - Shot by Elias Pettersson.
16:07 of 2nd period - Stopped by Alexandar Georgiev without a rebound.
16:08 of 2nd period - Jamie Benn wins face-off versus Evgeni Malkin in ARIZONA zone.
16:11 of 2nd period - Shot by Mitchell Marner.
16:11 of 2nd period - Stopped by Alexandar Georgiev without a rebound.
16:12 of 2nd period - Evgeni Malkin wins face-off versus Jamie Benn in ARIZONA zone.
16:12 of 2nd period - Evgeni Malkin is hit by Jamie Benn.
16:39 of 2nd period - Icing by Evgeni Malkin.
16:40 of 2nd period - Elias Pettersson wins face-off versus Evgeni Malkin in ARIZONA zone.
16:57 of 2nd period - Shot by Patrik Laine.
16:57 of 2nd period - Shot Misses the Net.
17:05 of 2nd period - Shot by Elias Pettersson.
17:05 of 2nd period - Stopped by Alexandar Georgiev with a rebound.
17:07 of 2nd period - Shot by Tyler Bertuzzi.
17:07 of 2nd period - Shot Hit the Post.
17:09 of 2nd period - Shot by Tyler Bertuzzi.
17:09 of 2nd period - Stopped by Alexandar Georgiev without a rebound.
17:10 of 2nd period - Mikael Backlund wins face-off versus Jamie Benn in ARIZONA zone.
17:12 of 2nd period - Henri Jokiharju is hit by Jamie Benn and loses puck.
17:19 of 2nd period - Shot by Mitchell Marner.
17:19 of 2nd period - Shot Misses the Net.
17:21 of 2nd period - Shot by Mitchell Marner.
17:21 of 2nd period - Deflect By Brock Boeser.
17:21 of 2nd period - Stopped by Alexandar Georgiev without a rebound.
17:22 of 2nd period - Jean-Gabriel Pageau wins face-off versus Chris Tierney in ARIZONA zone.
17:45 of 2nd period - Icing by Mario Ferraro.
17:46 of 2nd period - Jean-Gabriel Pageau wins face-off versus Jamie Benn in ARIZONA zone.
18:26 of 2nd period - Shot by Evgeni Malkin.
18:26 of 2nd period - Deflect By Gabriel Landeskog.
18:26 of 2nd period - Stopped by Anders Nilsson without a rebound.
18:27 of 2nd period - Mikael Backlund wins face-off versus Elias Pettersson in CALGARY zone.
18:37 of 2nd period - Adrian Kempe is hit by Jake Gardiner and loses puck.
18:48 of 2nd period - Shot by Adrian Kempe.
18:48 of 2nd period - Shot Misses the Net.
19:00 of 2nd period - Shot by Conor Sheary.
19:00 of 2nd period - Stopped by Anders Nilsson without a rebound.
19:01 of 2nd period - Chris Tierney wins face-off versus Evgeni Malkin in CALGARY zone.
19:10 of 2nd period - Shot by Bryan Little.
19:10 of 2nd period - Stopped by Anders Nilsson without a rebound.
19:11 of 2nd period - Jamie Benn wins face-off versus Zack Kassian in CALGARY zone.
19:11 of 2nd period - Jamie Benn is hit by Jean-Gabriel Pageau.
19:17 of 2nd period - Shot by Jaccob Slavin.
19:17 of 2nd period - Stopped by Alexandar Georgiev without a rebound.
19:18 of 2nd period - Evgeni Malkin wins face-off versus Jamie Benn in ARIZONA zone.
19:26 of 2nd period - Icing by Thomas Chabot.
19:27 of 2nd period - Evgeni Malkin wins face-off versus Elias Pettersson in ARIZONA zone.
19:43 of 2nd period - Icing by Tyler Bertuzzi.
19:44 of 2nd period - Elias Pettersson wins face-off versus Mikael Backlund in CALGARY zone.
Goals for this period are 2 for CALGARY vs 0 for ARIZONA.
Shots for this period are 13 for CALGARY vs 15 for ARIZONA.

3rd period


0:01 of 3rd period - Evgeni Malkin wins face-off versus Jamie Benn in neutral zone.
0:57 of 3rd period - Icing by Henri Jokiharju.
0:58 of 3rd period - Adrian Kempe wins face-off versus Elias Pettersson in ARIZONA zone.
1:04 of 3rd period - Adrian Kempe is hit by Mikhail Sergachev and loses puck.
1:28 of 3rd period - Icing by Mikhail Sergachev.
1:29 of 3rd period - Elias Pettersson wins face-off versus Joel Eriksson Ek in CALGARY zone.
1:31 of 3rd period - Mikhail Sergachev is hit by Zack Kassian and loses puck.
1:44 of 3rd period - Jean-Gabriel Pageau is hit by Jake Gardiner and loses puck.
2:03 of 3rd period - Shot by Markus Nutivaara.
2:03 of 3rd period - Shot Misses the Net.
2:53 of 3rd period - Shot by Jamie Benn.
2:53 of 3rd period - Deflect By Mitchell Marner.
2:53 of 3rd period - Shot Blocked by Thomas Chabot.
2:55 of 3rd period - Shot by Rasmus Dahlin.
2:55 of 3rd period - Stopped by Alexandar Georgiev without a rebound.
2:56 of 3rd period - Mikael Backlund wins face-off versus Derick Brassard in ARIZONA zone.
3:09 of 3rd period - Jay Bouwmeester is hit by Drake Caggiula and loses puck.
4:15 of 3rd period - Shot by Jamie Benn.
4:15 of 3rd period - Stopped by Alexandar Georgiev without a rebound.
4:16 of 3rd period - Elias Pettersson wins face-off versus Evgeni Malkin in ARIZONA zone.
4:43 of 3rd period - Shot by Evgeni Malkin.
4:43 of 3rd period - Deflect By Bryan Little.
4:43 of 3rd period - Stopped by Anders Nilsson without a rebound.
4:44 of 3rd period - Jean-Gabriel Pageau wins face-off versus Chris Tierney in CALGARY zone.
4:53 of 3rd period - Icing by Jaccob Slavin.
4:54 of 3rd period - Mikael Backlund wins face-off versus Chris Tierney in CALGARY zone.
6:11 of 3rd period - Shot by Jamie Benn.
6:11 of 3rd period - Stopped by Alexandar Georgiev without a rebound.
6:12 of 3rd period - Jean-Gabriel Pageau wins face-off versus Elias Pettersson in ARIZONA zone.
6:12 of 3rd period - Jean-Gabriel Pageau is hit by Patrik Laine.
6:47 of 3rd period - Icing by Markus Nutivaara.
6:48 of 3rd period - Evgeni Malkin wins face-off versus Patrik Laine in CALGARY zone.
6:55 of 3rd period - Icing by Zach Bogosian.
6:56 of 3rd period - Evgeni Malkin wins face-off versus Patrik Laine in CALGARY zone.
6:57 of 3rd period - Shot by Gabriel Landeskog.
6:57 of 3rd period - Stopped by Anders Nilsson without a rebound.
6:58 of 3rd period - Jamie Benn wins face-off versus Evgeni Malkin in CALGARY zone.
6:58 of 3rd period - Jamie Benn is hit by Gabriel Landeskog.
7:13 of 3rd period - Mitchell Marner is hit by Thomas Chabot and loses puck.
7:31 of 3rd period - Rasmus Dahlin is hit by Justin Faulk and loses puck.
8:14 of 3rd period - Shot by Mikael Backlund.
8:14 of 3rd period - Shot Misses the Net.
8:16 of 3rd period - Shot by Jay Bouwmeester.
8:16 of 3rd period - Shot Blocked by Jaccob Slavin.
8:18 of 3rd period - Shot by Henri Jokiharju.
8:18 of 3rd period - Goal by Henri Jokiharju - CALGARY : 2 - ARIZONA : 1.
8:19 of 3rd period - Jean-Gabriel Pageau wins face-off versus Patrik Laine in neutral zone.
8:28 of 3rd period - Shot by Joel Eriksson Ek.
8:28 of 3rd period - Shot Misses the Net.
8:44 of 3rd period - Shot by Zack Kassian.
8:44 of 3rd period - Shot Misses the Net.
8:49 of 3rd period - Off-side.
8:50 of 3rd period - Derick Brassard wins face-off versus Riley Sheahan in neutral zone.
9:20 of 3rd period - Zach Bogosian is hit by Nicolas Aube-Kubel and loses puck.
9:22 of 3rd period - Minor Penalty to Zach Bogosian for Hooking.
9:23 of 3rd period - Jamie Benn wins face-off versus Evgeni Malkin in CALGARY zone.
9:54 of 3rd period - Shot by Evgeni Malkin.
9:54 of 3rd period - Goal by Evgeni Malkin - CALGARY : 2 - ARIZONA : 2.
9:55 of 3rd period - Mikael Backlund wins face-off versus Elias Pettersson in neutral zone.
9:59 of 3rd period - Thomas Chabot is hit by Patrik Laine and loses puck.
10:17 of 3rd period - Conor Sheary is hit by Mikhail Sergachev and loses puck.
10:46 of 3rd period - Shot by Jean-Gabriel Pageau.
10:46 of 3rd period - Stopped by Anders Nilsson without a rebound.
10:47 of 3rd period - Jamie Benn wins face-off versus Evgeni Malkin in CALGARY zone.
10:47 of 3rd period - Jamie Benn is hit by Gabriel Landeskog.
11:03 of 3rd period - Minor Penalty to Rasmus Dahlin for Interference.
11:04 of 3rd period - Blake Coleman wins face-off versus Evgeni Malkin in CALGARY zone.
11:10 of 3rd period - Icing by Gabriel Landeskog.
11:11 of 3rd period - Evgeni Malkin wins face-off versus Jamie Benn in ARIZONA zone.
11:16 of 3rd period - Shot by Jay Bouwmeester.
11:16 of 3rd period - Stopped by Anders Nilsson with a rebound.
11:18 of 3rd period - Shot by Henri Jokiharju.
11:18 of 3rd period - Stopped by Anders Nilsson with a rebound.
11:39 of 3rd period - Shot by Jay Bouwmeester.
11:39 of 3rd period - Shot Blocked by Jaccob Slavin.
11:41 of 3rd period - Shot by Henri Jokiharju.
11:41 of 3rd period - Stopped by Anders Nilsson with a rebound.
11:43 of 3rd period - Shot by Henri Jokiharju.
11:43 of 3rd period - Shot Misses the Net.
11:45 of 3rd period - Shot by Jay Bouwmeester.
11:45 of 3rd period - Deflect By Bryan Little.
11:45 of 3rd period - Stopped by Anders Nilsson without a rebound.
11:46 of 3rd period - Chris Tierney wins face-off versus Zack Kassian in CALGARY zone.
12:51 of 3rd period - Shot by Henri Jokiharju.
12:51 of 3rd period - Stopped by Anders Nilsson without a rebound.
12:52 of 3rd period - Evgeni Malkin wins face-off versus Jamie Benn in CALGARY zone.
13:24 of 3rd period - Mario Ferraro is hit by Drake Caggiula and loses puck.
13:42 of 3rd period - Icing by Jacob Larsson.
13:43 of 3rd period - Riley Sheahan wins face-off versus Elias Pettersson in ARIZONA zone.
13:49 of 3rd period - Icing by Jacob Larsson.
13:50 of 3rd period - Riley Sheahan wins face-off versus Jamie Benn in ARIZONA zone.
14:32 of 3rd period - Shot by Gabriel Landeskog.
14:32 of 3rd period - Shot Misses the Net.
14:54 of 3rd period - Zack Kassian is hit by Brock Boeser and loses puck.
15:11 of 3rd period - Icing by Jaccob Slavin.
15:12 of 3rd period - Mikael Backlund wins face-off versus Jamie Benn in CALGARY zone.
15:29 of 3rd period - Shot by Mikael Backlund.
15:29 of 3rd period - Shot Blocked by Rasmus Dahlin.
15:31 of 3rd period - Shot by Adrian Kempe.
15:31 of 3rd period - Shot Misses the Net.
15:33 of 3rd period - Shot by Mikael Backlund.
15:33 of 3rd period - Stopped by Anders Nilsson with a rebound.
15:35 of 3rd period - Shot by Mario Ferraro.
15:35 of 3rd period - Stopped by Anders Nilsson without a rebound.
15:36 of 3rd period - Jean-Gabriel Pageau wins face-off versus Elias Pettersson in CALGARY zone.
15:41 of 3rd period - Shot by Zack Kassian.
15:41 of 3rd period - Stopped by Anders Nilsson with a rebound.
16:32 of 3rd period - Shot by Gabriel Landeskog.
16:32 of 3rd period - Stopped by Anders Nilsson without a rebound.
16:33 of 3rd period - Mikael Backlund wins face-off versus Chris Tierney in CALGARY zone.
16:44 of 3rd period - Shot by Chris Tierney.
16:44 of 3rd period - Shot Misses the Net.
16:56 of 3rd period - Shot by Conor Sheary.
16:56 of 3rd period - Stopped by Anders Nilsson without a rebound.
16:57 of 3rd period - Derick Brassard wins face-off versus Evgeni Malkin in CALGARY zone.
17:17 of 3rd period - Shot by Joel Kellman.
17:17 of 3rd period - Shot Blocked by Thomas Chabot.
18:21 of 3rd period - Shot by Elias Pettersson.
18:21 of 3rd period - Shot Misses the Net.
18:23 of 3rd period - Shot by Patrik Laine.
18:23 of 3rd period - Stopped by Alexandar Georgiev with a rebound.
18:25 of 3rd period - Shot by Rasmus Dahlin.
18:25 of 3rd period - Stopped by Alexandar Georgiev with a rebound.
18:27 of 3rd period - Shot by Patrik Laine.
18:27 of 3rd period - Deflect By Elias Pettersson.
18:27 of 3rd period - Shot Misses the Net.
18:29 of 3rd period - Shot by Tyler Bertuzzi.
18:29 of 3rd period - Stopped by Alexandar Georgiev without a rebound.
18:30 of 3rd period - Jamie Benn wins face-off versus Jean-Gabriel Pageau in ARIZONA zone.
18:45 of 3rd period - Shot by Jean-Gabriel Pageau.
18:45 of 3rd period - Shot Misses the Net.
18:47 of 3rd period - Shot by Jacob Larsson.
18:47 of 3rd period - Shot Misses the Net.
19:25 of 3rd period - Shot by Jay Bouwmeester.
19:25 of 3rd period - Shot Misses the Net.
19:27 of 3rd period - Shot by Adrian Kempe.
19:27 of 3rd period - Shot Misses the Net.
19:29 of 3rd period - Shot by Henri Jokiharju.
19:29 of 3rd period - Shot Blocked by Rasmus Dahlin.
19:51 of 3rd period - Shot by Adrian Kempe.
19:51 of 3rd period - Stopped by Anders Nilsson with a rebound.
19:53 of 3rd period - Shot by Mikael Backlund.
19:53 of 3rd period - Stopped by Anders Nilsson without a rebound.
19:54 of 3rd period - Elias Pettersson wins face-off versus Riley Sheahan in CALGARY zone.
Goals for this period are 0 for CALGARY vs 2 for ARIZONA.
Shots for this period are 6 for CALGARY vs 17 for ARIZONA.

Overtime #1


0:01 of 1st overtime period - Brad Richardson wins face-off versus Derick Brassard in neutral zone.
0:12 of 1st overtime period - Shot by Jay Bouwmeester.
0:12 of 1st overtime period - Shot Misses the Net.
0:14 of 1st overtime period - Shot by Jay Bouwmeester.
0:14 of 1st overtime period - Deflect By Bryan Little.
0:14 of 1st overtime period - Goal by Bryan Little - CALGARY : 2 - ARIZONA : 3.
Goals for this period are 0 for CALGARY vs 1 for ARIZONA.
Shots for this period are 0 for CALGARY vs 1 for ARIZONA.